 Dungeon Crawl Stone Soup version 0.25-a0-110-ge29c8f2358 (webtiles) character file.

Game seed: 1460270993233311548, levelgen mode: deterministic

179 vurker the Skirmisher (level 5, -3/42 HPs)
             Began as a Formicid Abyssal Knight on Nov 19, 2019.
             Was a Believer of Lugonu.
             Slain by an orc warrior
             ... wielding a +0 glaive
              (11 damage)
             ... on level 3 of the Dungeon.
             The game lasted 00:05:42 (3934 turns).

vurker the Skirmisher (Formicid Abyssal Knight)     Turns: 3934, Time: 00:05:43

Health: -3/42      AC:  8    Str: 17    XL:     5   Next: 90%
Magic:  7/7        EV:  7    Int: 12    God:    Lugonu [**....]
Gold:   176        SH:  0    Dex: 10    Spells: 4/4 levels left

rFire    . . .     SeeInvis +   a - +1 hand axe
rCold    . . .     Gourm    .   (no shield)
rNeg     . . .     Faith    .   f - +0 chain mail (curse)
rPois    .         Spirit   .   (helmet unavailable)
rElec    .         Reflect  .   (no cloak)
rCorr    .         Harm     .   (no gloves)
MR       .....                  (no boots)
Stlth    ..........             (no amulet)
HPRegen  0.14/turn              (no ring)
MPRegen  0.10/turn              (no ring)

@: no status effects
A: permanent stasis, dig shafts and tunnels, four strong arms, antennae 3
a: Dig, Shaft Self, Depart the Abyss, Bend Space, Renounce Religion


You were on level 3 of the Dungeon.
You worshipped Lugonu.
Lugonu was pleased with you.
You were hungry.

You visited 1 branch of the dungeon, and saw 3 of its levels.
You visited the Abyss 1 time.

You collected 176 gold pieces.

Inventory:

Hand Weapons
 a - a +1 hand axe (weapon)
Missiles
 n - 16 poisoned darts (quivered)
Armour
 f - a cursed +0 chain mail (worn)
   (You found it on level 1 of the Dungeon)
 o - a +0 buckler
   (You found it on level 3 of the Dungeon)
 s - a cursed -1 cloak
   (You took it off Crazy Yiuf on level 3 of the Dungeon)
Wands
 c - a wand of disintegration (12)
   (You found it on level 2 of the Dungeon)
 t - a wand of flame (4)
   (You took it off Crazy Yiuf on level 3 of the Dungeon)
Scrolls
 b - 7 scrolls of identify {unknown}
 d - 2 scrolls of amnesia {unknown}
 h - 2 scrolls of fear {unknown}
 i - 2 scrolls of immolation {unknown}
 m - 2 scrolls of enchant weapon {unknown}
 p - 3 scrolls of enchant armour {unknown}
 q - a scroll of magic mapping {unknown}
Potions
 g - 2 potions of haste {unknown}
 j - a potion of degeneration {unknown}
 k - 2 potions of lignification {unknown}
 l - 2 potions of flight {unknown}
 u - a potion of mutation {unknown}
Comestibles
 e - 5 rations


   Skills:
 + Level 4.2 Fighting
 * Level 4.0 Axes
 - Level 2.1 Armour
 - Level 0.8 Dodging
 + Level 1.3 Shields
 + Level 3.5 Invocations
 + Level 1.0 Evocations


You had 4 spell levels left.
You didn't know any spells.
Your spell library contained the following spells:

 Spells                   Type           Power        Failure   Level  Hunger
 Animate Skeleton         Necr           N/A          99%         1    ##.....
 Apportation              Tloc           #.....       99%         1    ##.....
 Confusing Touch          Hex            #.....       99%         1    ##.....
 Summon Small Mammal      Summ           #...         99%         1    ##.....


Dungeon Overview and Level Annotations

Branches:
Dungeon (3/15)

Altars:
Fedhas
The Shining One

Annotations:
D:2 exclusion: oklob plant


Innate Abilities, Weirdness & Mutations

You cannot be hasted, slowed, berserked, paralysed or teleported.
You can dig through walls and to a lower floor.
Your four strong arms can wield two-handed weapons with a shield.
You have a pair of large antennae on your head. (SInv)


Message History

r - Retreat! s - Stop attacking. g - Guard the area. f - Follow me.
Anything else - Cancel.
You shout for attention!
What are your orders? t - Shout!
Orders for allies: a - Attack new target. r - Retreat! s - Stop attacking. g - Guard the area. f - Follow me.
Anything else - Cancel.
You shout for attention!
What are your orders? t - Shout!
Orders for allies: a - Attack new target. r - Retreat! s - Stop attacking. g - Guard the area. f - Follow me.
Anything else - Cancel.
You shout for attention!
Throwing (i - inventory)
n - 22 poisoned darts (quivered)
Aim: an orc warrior, wielding a +0 glaive and wearing a +0 chain mail You throw a poisoned dart.
The poisoned dart hits the orc warrior.
The orc warrior is poisoned.
Throwing (i - inventory)
n - 21 poisoned darts (quivered)
Aim: an orc warrior, wielding a +0 glaive and wearing a +0 chain mail (poisoned)
You throw a poisoned dart. The poisoned dart hits the orc warrior.
Throwing (i - inventory)
n - 20 poisoned darts (quivered)
Aim: an orc warrior, wielding a +0 glaive and wearing a +0 chain mail (poisoned)
You throw a poisoned dart.
The poisoned dart barely misses the orc warrior.
Throwing (i - inventory)
n - 19 poisoned darts (quivered)
Aim: an orc warrior, wielding a +0 glaive and wearing a +0 chain mail (poisoned)
You throw a poisoned dart.
The poisoned dart closely misses the orc warrior.
The orc warrior hits you from afar with a +0 glaive.
The orc warrior looks more healthy.
Throwing (i - inventory)
n - 18 poisoned darts (quivered)
Aim: an orc warrior, wielding a +0 glaive and wearing a +0 chain mail (lightly wounded)
You throw a poisoned dart.
The poisoned dart barely misses the orc warrior.
The orc warrior barely misses you.
The orc warrior hits you with a +0 glaive!
You hit the orc warrior but do no damage.
The orc warrior hits you with a +0 glaive!!
* * * LOW HITPOINT WARNING * * *
Throwing (i - inventory)
n - 17 poisoned darts (quivered)
Aim: an orc warrior, wielding a +0 glaive and wearing a +0 chain mail (lightly wounded)
You throw a poisoned dart. The poisoned dart hits the orc warrior.
The orc warrior is poisoned.
The orc warrior hits you from afar with a +0 glaive!
You die...

♣♣.♣♣
#.#)#...,,,,**,..*#..8..
♣.♣♣
#...#....,,,*,,,#*..8.8.
♣♣.♣
*,........,,,.##*,.8._.8
♣.♣♣
*.####.....,*...#*..8.8.
♣♣.♣
*,,**#.#####*#...#(..8.{
##'## #,,,,#.*
#.#.(##..{# #...#
#..,,#.* #.##(.##.##
#...#
#....#.#######......###.
#..)#
#....'.@.o.(##.......#..
#####
#....#...............#..
#..,,#......##..........
##
#,,,,#......##....(...#.
.#
*****#...[..##........#.
##
*,,........##........#.
*,#############........
** **** *,* #........
,****,,* *,* #.......>


You could see an orc warrior.

Vanquished Creatures
  Crazy Yiuf (D:3)
  A gnoll (D:1)
  6 adders
  2 worms (D:2)
  A dart slug (D:2)
  2 leopard geckos
  An orc (D:3)
  A ball python (D:3)
  9 bats
  14 giant cockroaches
  3 goblins
  7 hobgoblins
  6 jackals
  6 kobolds
  3 quokkas
  2 frilled lizards
  7 rats
72 creatures vanquished.

Notes
Turn   | Place    | Note
-------+----------+-------------------------------------------
     0 | Abyss:1  | vurker the Formicid Abyssal Knight began the quest for the
                  | Orb.
     0 | Abyss:1  | Reached XP level 1. HP: 18/18 MP: 2/2
    36 | D:1      | Escaped the Abyss
   219 | D:1      | Reached XP level 2. HP: 17/24 MP: 3/3
   490 | D:1      | You fall into a shaft and drop 1 floor!
   655 | D:1      | Reached XP level 3. HP: 28/29 MP: 3/5
  1183 | D:2      | Reached ** piety under Lugonu
  1183 | D:2      | Reached XP level 4. HP: 34/37 MP: 6/6
  1760 | D:2      | Found a blossoming altar of Fedhas.
  1779 | D:2      | Noticed an oklob plant
  2268 | D:3      | Found a glowing golden altar of the Shining One.
  2386 | D:3      | Reached XP level 5. HP: 42/42 MP: 7/7
  2396 | D:3      | Noticed an orc warrior
  2902 | D:3      | Found a runed translucent door.
  2903 | D:3      | Noticed Crazy Yiuf
  3120 | D:3      | Reached skill level 1 in Shields
  3503 | D:3      | Killed Crazy Yiuf
  3503 | D:3      | Reached skill level 1 in Evocations
  3889 | D:3      | Found a glowing golden altar of the Shining One.
  3934 | D:3      | Slain by an orc warrior

Levels and vault maps discovered:
D:1:      psy_arrival_fountain, layout_loops_ring
D:2:      minmay_roachtagon, layout_loops_ring, tgw_fedhas, first_ration,
          nrook_loot_triangle, nrook_mini_backslash, minmay_increasing_density
D:3:      minmay_chambers_of_twos, layout_basic, tso_metal_star,
          uniq_crazy_yiuf_cottage

Skill      XL: |  1  2  3  4  5 |
---------------+----------------+-----
Axes           | 3 4 |  4.0
Invocations    | 3 |  3.5
Fighting       | 4 |  4.2
Shields        | 1 |  1.3
Evocations     | 1 |  1.0
Armour         | |  2.1
Dodging        | |  0.8

Action                   |  1- 3 |  4- 6 || total
-------------------------+-------+-------++-------
Melee: Hand axe          |    80 |   163 ||   243
Throw: Dart              |       |    21 ||    21
 Abil: Dig               |       |     1 ||     1
  Eat: Chunk             |     1 |     8 ||     9
Armor: Leather armour    |     4 |       ||     4
       Chain mail        |    54 |   131 ||   185
Dodge: Dodged            |    46 |    73 ||   119

Table legend:
 A = Non-vault XP
 B = Vault XP
 C = Vault XP percentage of total XP
 D = Non-vault monster count
 E = Vault monster count
 F = Vault count percentage of total count
                 A         B        C        D         E       F
            +---------+---------+-------+---------+---------+-------
      Total |     128 |     128 |  50.0 |      46 |      26 |  36.1
            +---------+---------+-------+---------+---------+-------
        D:1 |      36 |       0 |   0.0 |      14 |       0 |   0.0
        D:2 |      24 |      52 |  68.4 |      12 |      18 |  60.0
        D:3 |      68 |      76 |  52.8 |      20 |       8 |  28.6
            +---------+---------+-------+---------+---------+-------
